 Dungeon Crawl Stone Soup version 0.28-a0-60-g54b5640690 (webtiles) character file.

Game seed: 2432421966268331865

179646 lunkers the Eclecticist (level 18, -3/135 HPs)
             Began as a Djinni Earth Elementalist on July 29, 2021.
             Was the Champion of Makhleb.
             Killed from afar by a peacekeeper (21 damage)
             ... with a volley of spikes
             ... on level 1 of the Vaults on Aug 2, 2021.
             The game lasted 01:28:53 (29663 turns).

lunkers the Eclecticist (DjEE)                     Turns: 29663, Time: 01:28:53

Health: -3/135     AC: 19    Str: 10    XL:     18   Next: 54%
Gold:   1384       EV: 20    Int: 24    God:    Makhleb [******] SH: 10 Dex: 17

rFire   + . .      SeeInvis .   B - +11 mace of Faotah {pain, +Rage}
rCold   + . .      Faith    .   P - +0 kite shield {reflect}
rNeg    . . .      Spirit   .   M - +2 robe {Archmagi}
rPois   ∞          Reflect  +   J - +0 helmet "Nofrapy" {Regen+ Str+3}
rElec   .          Harm     .   T - +2 cloak {rCorr}
rCorr   +          Rampage  .   o - +2 pair of gloves {archery}
Will    +....      Archmagi +   (boots unavailable)
Stlth   ++........              Q - amulet of the acrobat
HPRegen 1.32/turn               s - ring "Apia" {rF- rC++ AC+4}
MPRegen 0.00/turn               Y - ring "Miecs" {AC+4 Dex+2}

@: spiked, flying
A: sickness immunity, fire resistance 2, cold vulnerability 1, float, innate
caster, hp casting, extra vitality 1
}: 1/15 runes: serpentine
a: Renounce Religion, Evoke Berserk Rage, Minor Destruction, Lesser Servant of
Makhleb, Major Destruction, Greater Servant of Makhleb


You were on level 1 of the Vaults.
You worshipped Makhleb.
Makhleb was exalted by your worship.
You visited 7 branches of the dungeon, and saw 30 of its levels.

You collected 3075 gold pieces.
You spent 1691 gold pieces at shops.

Inventory:

Hand Weapons
 B - the +11 mace of Faotah (weapon) {pain, +Rage}
   (You found it on level 7 of the Dungeon)

   In the hands of one skilled in necromantic magic, it inflicts extra damage on
   living creatures.
   +Rage:     It lets you go berserk.
 I - a +6 morningstar of venom
Missiles
 k - 670 stones
 u - 4 throwing nets
 L - 3 curare-tipped darts
Armour
 o - a +2 pair of gloves of archery (worn)
 J - the +0 helmet "Nofrapy" (worn) {Regen+ Str+3}
   (You bought it in a shop on level 9 of the Dungeon)

   Str:       It affects your strength (+3).
   Regen:     It increases your rate of health regeneration.
 M - a +2 robe of the Archmagi (worn)
 P - a +0 kite shield of reflection (worn)
 T - a +2 cloak of preservation (worn)
Jewellery
 s - the ring "Apia" (left hand) {rF- rC++ AC+4}
   (You acquired it on level 8 of the Dungeon)

   [ring of protection]

   AC:        It affects your AC (+4).
   rF:        It makes you vulnerable to fire.
   rC:        It greatly protects you from cold.
 v - a +6 ring of dexterity
 F - a ring of protection from fire
 N - a ring of positive energy
 Q - an amulet of the acrobat (around neck)
 R - a ring of wizardry
 Y - the ring "Miecs" (right hand) {AC+4 Dex+2}
   (You acquired it on level 6 of the Lair of Beasts)

   [ring of protection]

   AC:        It affects your AC (+4).
   Dex:       It affects your dexterity (+2).
Wands
 b - a wand of iceblast (43)
 c - a wand of paralysis (22)
 p - a wand of acid (16)
 r - a wand of flame (38)
 t - a wand of charming (16)
 x - a wand of digging (6)
 X - a wand of mindburst (45)
 Z - a wand of polymorph (7)
Scrolls
 a - a scroll of vulnerability
 d - 8 scrolls of enchant weapon
 e - 2 scrolls of immolation
 j - 2 scrolls of blinking
 m - a scroll of summoning
 n - a scroll of brand weapon
 q - 2 scrolls of teleportation
 A - a scroll of holy word
 D - a scroll of silence
 H - 3 scrolls of identify
 W - 2 scrolls of enchant armour
Potions
 f - 5 potions of attraction
 g - 10 potions of curing
 h - 7 potions of haste
 i - 2 potions of invisibility
 l - 4 potions of brilliance
 w - 5 potions of heal wounds
 z - 3 potions of ambrosia
 C - 4 potions of cancellation
 G - 2 potions of mutation
 K - a potion of might
 O - 5 potions of lignification
 U - 2 potions of resistance
Miscellaneous
 y - a box of beasts
 V - a tin of tremorstones (2/2)


   Skills:
 + Level 14.0 Fighting
 + Level 15.2 Dodging
 - Level 1.5 Stealth
 * Level 8.0 Shields
 * Level 17.5 Spellcasting


You had 10 spell levels left.
You knew the following spells:

 Your Spells              Type           Power      Damage    Failure   Level
a - Stone Arrow           Conj/Erth      100%       3d13      0%          3
b - Passwall              Tmut/Erth      85%        N/A       0%          2
c - Sandblast             Erth           100%       2d20      0%          1
d - Petrify               Tmut/Erth      100%       N/A       1%          4
e - Summon Small Mammal   Summ           100%       N/A       0%          1
f - Ensorcelled Hibernat  Hex/Ice        100%       N/A       0%          2
g - Tukima's Dance        Hex            100%       N/A       0%          3
h - Summon Ice Beast      Ice/Summ       100%       N/A       1%          4
i - Borgnjor's Vile Clut  Necr/Erth      51%        N/A       1%          5
j - Yara's Violent Unrav  Hex/Tmut       51%        3d20      1%          5
k - Death Channel         Necr           51%        N/A       1%          6
l - Invisibility          Hex            51%        N/A       1%          6
Your spell library was empty.

Dungeon Overview and Level Annotations

Branches:
Dungeon (14/15)            Temple (1/1) D:6            Lair (6/6) D:9
 Shoals (2/4) Lair:3        Snake (4/4) Lair:2        Slime (0/5) Lair:5
    Orc (2/2) D:9             Elf (0/3) Orc:2        Vaults (1/5) D:13

Altars:
Ashenzari
Cheibriados
Dithmenos
Elyvilon
Fedhas
Gozag
Hepliaklqana
Kikubaaqudgha
Makhleb
Nemelex Xobeh
Okawaru
Qazlal
Ru
Sif Muna
Trog
Uskayaw
Vehumet
Wu Jian
Xom
Yredelemnul
Zin
The Shining One
Beogh
Jiyva

Shops:
D:4 ?   D:8 ?   D:9 [   D:11 (   D:14 *   Orc:1 ==??:   Orc:2 *([(??![
Snake:3 *[

Annotations:
D:6 1 runed translucent door, CowFu's ghost, novice GnFi
Lair:5 4 runed translucent doors, Devyomi's ghost, journeyman GrBe; Sidghehi's ghost, journeyman HuFi
Shoals:2 Ilsuiw


Innate Abilities, Weirdness & Mutations

You are immune to sickness and miasma.
You are immune to poison.
Your flesh is very heat resistant. (rF++)
You are vulnerable to cold. (rC-)
You float through the air rather than walking.
You learn spells naturally, not from books.
Your magical power is your life essence.
You have superior vitality. (+4 HP)


Message History

Aiming: Borgnjor's Vile Clutch (safe; 1% risk of failure)
Press: ? - help, Shift-Dir - straight line, f/p - war gargoyle
Aim: a war gargoyle, wielding a +0 morningstar (moderately damaged, strong, 100% to hit)
You feel a surge of power!
Zombie hands grab the peacekeeper.
Zombie hands grab the war gargoyle.
* * * LOW HITPOINT WARNING * * *
The ice encasing you melts away.
The zombie hands constrict the peacekeeper.
The zombie hands constrict the war gargoyle.
The peacekeeper bites you!
* * * LOW HITPOINT WARNING * * *
The peacekeeper closely misses you.
The war gargoyle struggles to escape constriction. x2
The peacekeeper barely misses you. The peacekeeper claws you.
* * * LOW HITPOINT WARNING * * *
The zombie hands constrict the peacekeeper, but do no damage.
The zombie hands constrict the war gargoyle, but do no damage.
The war gargoyle no longer looks unusually strong.
The peacekeeper struggles to escape constriction.
The war gargoyle escapes!
The zombie hands lose their grip on something.
The peacekeeper hurls a volley of spikes at you.
The volley of spikes hits you!
The barbed spikes become lodged in your body.
* * * LOW HITPOINT WARNING * * *
Okay, then.
Casting: Borgnjor's Vile Clutch (safe; 1% risk of failure)
Confirm with . or Enter, or press ? or * to list all spells.
Aiming: Borgnjor's Vile Clutch (safe; 1% risk of failure)
Press: ? - help, Shift-Dir - straight line, f/p - war gargoyle
Aim: a war gargoyle, wielding a +0 morningstar (moderately damaged, 100% to hit)
You feel a surge of power!
Zombie hands grab the peacekeeper.
Zombie hands grab the war gargoyle.
* * * LOW HITPOINT WARNING * * *
The zombie hands constrict the peacekeeper, but do no damage.
The zombie hands constrict the war gargoyle.
The peacekeeper hurls a volley of spikes at you.
The volley of spikes hits you!!
The barbed spikes become lodged in your body.
You die...

########
#########......#
#.......#......#
###...###...)..#
#########.#...#.#..∩...#
........#98.....#......#
.......p'.#...#.#......#
........###.@.###......#
........#.......#......#
........###'[####''#####
........# #..#..#..#
........# #..'..'..#
........# #..#..#..#
###+##### #.##..##.#
###....### #........#


You could see a war gargoyle (clutched) and a peacekeeper (clutched).

Vanquished Creatures
  Jorgrun (D:12)
  Asterion (Snake:2)
  Frances (Snake:2)
  4 nagarajas (Snake:4)
  An orc warlord (Orc:1)
  Aizul (Snake:4)
  Nessos (Orc:2)
  Snorg (Orc:1)
  Josephine (D:11)
  A fire dragon (D:14)
  A merfolk impaler (Shoals:2)
  9 naga warriors
  Fannar (D:10)
  A boulder beetle (Lair:6)
  A vault guard (D:13)
  10 hydras
  Erica (Orc:1)
  3 salamander tyrants
  3 catoblepae
  An ironbound frostheart (Vaults:1)
  An anaconda (Snake:3)
  A centaur warrior (D:13)
  An alligator (Lair:6)
  2 death knights
  9 two-headed ogres
  An alligator snapping turtle (Shoals:1)
  3 merfolk avatars
  12 death yaks (Lair:6)
  A merfolk aquamancer (Shoals:2)
  Urug (D:10)
  5 shock serpents
  6 naga sharpshooters
  Sonja (D:10)
  4 sea snakes
  4 salamander mystics
  3 skeletal warriors
  3 naga ritualists
  Pikel (D:6)
  A phantasmal warrior (D:12)
  An ironbound convoker (Vaults:1)
  4 harpies
  8 mana vipers
  10 manticores
  7 fauns
  5 orc sorcerers (Orc:2)
  8 salamanders
  4 cyclopes
  24 slime creatures
  2 ugly things (D:13)
  9 merfolk sirens
  An elephant (Lair:6)
  2 water nymphs
  23 black mambas
  Maurice (D:11)
  A guardian serpent (Snake:2)
  2 torpor snails
  15 naga magi
  Joseph (D:10)
  Psyche (D:11)
  11 cane toads
  2 unseen horrors
  3 rime drakes
  Maggie (Lair:1)
  13 komodo dragons
  A freezing wraith (D:12)
  6 merfolk
  3 meliai (D:13)
  5 polar bears (Lair:6)
  5 trolls
  A jumping spider (shapeshifter) (D:12)
  2 hornets (Lair:6)
  6 wind drakes
  16 blink frogs
  8 dream sheep
  2 vampires
  5 wyverns
  7 wraiths
  35 yaks
  7 basilisks
  A yak (shapeshifter) (D:14)
  3 steam dragons
  4 humans (D:13)
  5 wargs
  42 nagas
  3 vampire mosquitoes (D:12)
  An acid dragon (D:12)
  Menkaure (D:7)
  20 water moccasins
  5 black bears
  20 orc warriors
  2 sky beasts
  4 necrophages
  5 ogres
  11 wolves
  10 centaurs
  A lemure (D:6)
  2 phantoms
  Blork the orc (D:5)
  15 bullfrogs
  A wyvern zombie (D:8)
  A gnoll sergeant (D:11)
  2 scorpions (D:6)
  6 killer bees (D:9)
  2 water moccasin skeletons
  11 wights
  11 howler monkeys
  3 electric eels
  5 centaur zombies
  2 hounds
  3 jellies
  Crazy Yiuf (D:7)
  21 orc priests
  3 iguanas
  43 orc wizards
  A killer bee zombie (D:8)
  A hound skeleton (D:5)
  12 gnolls
  A howler monkey skeleton (D:6)
  7 adders
  2 white imps (D:6)
  2 worms (D:2)
  5 dart slugs
  50 orcs
  5 ball pythons
  5 endoplasms
  4 giant cockroaches
  6 goblins
  5 hobgoblins
  2 jackals (D:3)
  2 kobolds
  4 quokkas
  3 bats
  3 frilled lizards (D:1)
  6 rats
  A spectral orc (D:12)
770 creatures vanquished.

Vanquished Creatures (collateral kills)
  Rupert (D:13)
  Donald (Snake:4)
  A naga warrior (Snake:4)
  An anaconda (Snake:3)
  2 naga sharpshooters
  A shock serpent (Snake:3)
  2 naga ritualists
  A salamander (Snake:3)
  2 black mambas (Snake:3)
  5 naga magi
  6 humans (D:13)
  10 nagas
33 creatures vanquished.

Vanquished Creatures (others)
  2 manticores
  A merfolk siren (Shoals:2)
  A human (D:13)
  An orc wizard (Orc:2)
  51 fungi
  134 plants
190 creatures vanquished.

Grand Total: 993 creatures vanquished

Notes
Turn   | Place    | Note
-------+----------+-------------------------------------------
     0 | D:1      | lunkers the Djinni Earth Elementalist began the quest for
                  | the Orb.
     0 | D:1      | Reached XP level 1. HP: 15/15 MP: 0/0
    97 | D:1      | Reached XP level 2. HP: 15/21 MP: 0/0
   307 | D:1      | Reached skill level 3 in Spellcasting
   726 | D:1      | Reached XP level 3. HP: 24/25 MP: 0/0
   726 | D:1      | Learned a level 1 spell: Summon Small Mammal
  1058 | D:2      | Found a faded altar of an unknown god.
  1681 | D:2      | Reached XP level 4. HP: 27/31 MP: 0/0
  2946 | D:3      | Noticed a bullfrog
  2953 | D:3      | Killed a bullfrog
  2954 | D:3      | Reached skill level 4 in Spellcasting
  2954 | D:3      | Reached XP level 5. HP: 18/35 MP: 0/0
  2954 | D:3      | Learned a level 2 spell: Ensorcelled Hibernation
  3182 | D:3      | Found a broken altar of Ashenzari.
  3186 | D:3      | Saw a vision of the Shoals and the Snake Pit.
  3186 | D:3      | Noticed a naga mage
  3186 | D:3      | Noticed a naga sharpshooter
  3186 | D:3      | Noticed a naga sharpshooter
  3186 | D:3      | Noticed a mana viper
  3186 | D:3      | Noticed an anaconda
  3186 | D:3      | Noticed a naga sharpshooter
  3186 | D:3      | Noticed a naga
  3186 | D:3      | Noticed a merfolk siren
  3186 | D:3      | Noticed a wind drake
  3186 | D:3      | Noticed a merfolk
  3186 | D:3      | Noticed a sea snake
  3186 | D:3      | Noticed a sea snake
  3187 | D:3      | Noticed a sea snake
  3187 | D:3      | Noticed a naga
  3187 | D:3      | Noticed a naga mage
  3187 | D:3      | Noticed a black mamba
  3187 | D:3      | Noticed a wind drake
  3202 | D:3      | Noticed a black mamba
  3202 | D:3      | Noticed a naga
  3221 | D:4      | Noticed a bullfrog
  3224 | D:4      | Killed a bullfrog
  3225 | D:4      | Reached XP level 6. HP: 30/40 MP: 0/0
  3250 | D:4      | Reached skill level 5 in Spellcasting
  3483 | D:4      | Found Bipsioqi's Magic Scroll Shoppe.
  3992 | D:4      | Noticed a black bear
  3995 | D:4      | Killed a black bear
  4408 | D:5      | Entered Level 5 of the Dungeon
  4431 | D:5      | Noticed an ogre
  4435 | D:5      | Killed an ogre
  4436 | D:5      | Reached XP level 7. HP: 36/45 MP: 0/0
  4436 | D:5      | Learned a level 3 spell: Tukima's Dance
  4582 | D:5      | Noticed Blork the orc
  4588 | D:5      | Reached skill level 6 in Spellcasting
  4589 | D:5      | Killed Blork the orc
  5031 | D:5      | Reached XP level 8. HP: 27/50 MP: 0/0
  5034 | D:5      | Reached skill level 7 in Spellcasting
  6337 | D:6      | Reached skill level 8 in Spellcasting
  6724 | D:6      | Found a staircase to the Ecumenical Temple.
  6743 | Temple   | Entered the Ecumenical Temple
  7190 | Temple   | Upgraded the game from 0.28-a0-48-gfd831c5874 to
                  | 0.28-a0-60-g54b5640690
  7224 | Temple   | Became a worshipper of Makhleb the Destroyer
  7297 | D:6      | Reached XP level 9. HP: 42/55 MP: 0/0
  7297 | D:6      | Learned a level 4 spell: Summon Ice Beast
  7444 | D:6      | Found a runed translucent door.
  7446 | D:6      | Found a shimmering altar of Xom.
  7446 | D:6      | Noticed CowFu's ghost (novice GnFi)
  7446 | D:6      | Noticed a +0 dagger of chaos
  7511 | D:6      | Reached skill level 9 in Spellcasting
  8049 | D:6      | Noticed Pikel
  8056 | D:6      | Killed Pikel
  8057 | D:6      | Reached skill level 10 in Spellcasting
  8383 | D:7      | Reached XP level 10. HP: 35/61 MP: 0/0
  8393 | D:7      | Reached skill level 1 in Fighting
  8848 | D:7      | Found a runed translucent door.
  8849 | D:7      | Noticed Crazy Yiuf
  9139 | D:7      | Noticed Menkaure
  9140 | D:7      | Killed Menkaure
  9474 | D:7      | Killed Crazy Yiuf
  9479 | D:7      | Identified the +11 mace of Faotah {pain, +Rage}
  9811 | D:8      | Found Ogenorei's Magic Scroll Shop.
  9824 | D:8      | Reached * piety under Makhleb
 10248 | D:8      | Reached skill level 11 in Spellcasting
 10755 | D:9      | Reached skill level 5 in Dodging
 10786 | D:9      | Noticed a komodo dragon
 10791 | D:9      | Killed a komodo dragon
 10970 | D:9      | Found a staircase to the Orcish Mines.
 10971 | D:9      | Found Dejooj's Armour Emporium.
 10990 | D:8      | Reached XP level 11. HP: 27/73 MP: 0/0
 10990 | D:8      | Learned a level 5 spell: Borgnjor's Vile Clutch
 11610 | D:9      | Reached ** piety under Makhleb
 11798 | D:9      | Found a staircase to the Lair.
 11914 | D:9      | Bought the +0 helmet "Nofrapy" {Regen+ Str+3} for 195 gold
                  | pieces
 12188 | D:10     | Entered Level 10 of the Dungeon
 12194 | D:10     | Reached skill level 5 in Fighting
 12217 | D:10     | Noticed a two-headed ogre
 12222 | D:10     | Killed a two-headed ogre
 12261 | D:10     | Noticed Sonja
 12264 | D:10     | Killed Sonja
 12370 | D:10     | Noticed Fannar
 12388 | D:10     | Killed Fannar
 12525 | D:10     | Reached skill level 12 in Spellcasting
 12552 | D:10     | Noticed Joseph
 12559 | D:10     | Killed Joseph
 12856 | Lair:1   | Entered Level 1 of the Lair of Beasts
 12938 | Lair:1   | Noticed Maggie
 12949 | Lair:1   | Killed Maggie
 13016 | Lair:1   | Reached XP level 12. HP: 83/84 MP: 0/0
 13039 | Lair:1   | Noticed an eight-headed hydra
 13045 | Lair:1   | Identified the +7 war axe of Raekkox {flame, *Slow rN+
                  | rCorr Dex+2}
 13056 | Lair:1   | Killed an eight-headed hydra
 13056 | Lair:1   | Reached *** piety under Makhleb
 13087 | Lair:1   | Identified the +3 hand axe "Rydeileb" {freeze, +Blink rElec
                  | rC- Int+3}
 14001 | Lair:2   | Noticed a four-headed hydra
 14008 | Lair:2   | Killed a four-headed hydra
 14314 | Lair:2   | Found a staircase to the Snake Pit.
 14679 | Lair:3   | Reached skill level 13 in Spellcasting
 14820 | Lair:3   | Found a runed translucent door.
 14943 | Lair:3   | Reached **** piety under Makhleb
 14944 | Lair:3   | Reached XP level 13. HP: 92/92 MP: 0/0
 14944 | Lair:3   | Learned a level 5 spell: Yara's Violent Unravelling
 14964 | Lair:3   | Found a staircase to the Shoals.
 15216 | Lair:3   | Noticed an eight-headed hydra
 15223 | Lair:3   | Killed an eight-headed hydra
 16077 | Lair:5   | Noticed a four-headed hydra
 16085 | Lair:5   | Killed a four-headed hydra
 16128 | Lair:5   | Found a runed translucent door.
 16129 | Lair:5   | Found a viscous altar of Jiyva.
 16129 | Lair:5   | Noticed an acid blob
 16131 | Lair:5   | Found a staircase to the Slime Pits.
 16131 | Lair:5   | Noticed an acid blob
 16131 | Lair:5   | Noticed an acid blob
 16171 | Lair:5   | Reached skill level 10 in Dodging
 16251 | Lair:5   | Found a runed translucent gate.
 16252 | Lair:5   | Found a runed translucent gate.
 16253 | Lair:5   | Found a runed translucent gate.
 16254 | Lair:5   | Noticed Devyomi's ghost (journeyman GrBe)
 16254 | Lair:5   | Noticed Sidghehi's ghost (journeyman HuFi)
 16323 | Lair:5   | Noticed a four-headed hydra
 16408 | Lair:4   | Killed a four-headed hydra
 17045 | Lair:6   | Entered Level 6 of the Lair of Beasts
 17045 | Lair:6   | Noticed a catoblepas
 17055 | Lair:5   | Killed a catoblepas
 17173 | Lair:6   | Reached skill level 14 in Spellcasting
 17211 | Lair:6   | Reached skill level 1 in Shields
 17219 | Lair:6   | Reached XP level 14. HP: 85/101 MP: 0/0
 17227 | Lair:6   | Reached ***** piety under Makhleb
 17674 | Lair:6   | Reached skill level 10 in Fighting
 17731 | Lair:6   | Identified a scroll of acquirement
 17731 | Lair:6   | Acquired the ring "Miecs" {AC+4 Dex+2}
 17877 | Lair:6   | Identified the +7 trident of Untimely Demise {elec, rElec
                  | rF+ rC+ Int-4}
 18461 | Orc:1    | Entered Level 1 of the Orcish Mines
 18461 | Orc:1    | Found Zegu's Magic Scroll Shoppe.
 18471 | Orc:1    | Noticed Snorg
 18480 | Orc:1    | Killed Snorg
 18481 | Orc:1    | Reached XP level 15. HP: 101/109 MP: 0/0
 18481 | Orc:1    | Learned a level 6 spell: Death Channel
 18518 | Orc:1    | Found Sunot's Book Emporium.
 18524 | Orc:1    | Noticed Erica
 18529 | Orc:1    | Killed Erica
 18590 | Orc:1    | Found Uvuturr's Jewellery Boutique.
 18748 | Orc:1    | Noticed an orc warlord
 18759 | Orc:1    | Killed an orc warlord
 18776 | Orc:1    | Found Usogiun's Jewellery Shoppe.
 18867 | Orc:2    | Entered Level 2 of the Orcish Mines
 18867 | Orc:2    | Found Koaqeofonadgh's Distillery.
 18881 | Orc:2    | Reached skill level 15 in Spellcasting
 19130 | Orc:2    | Noticed Nessos
 19135 | Orc:2    | Killed Nessos
 19144 | Orc:2    | Found Barorec's Armour Shoppe.
 19176 | Orc:2    | Reached ****** piety under Makhleb
 19197 | Orc:2    | Paralysed by an orc sorcerer for 7 turns
 19527 | Orc:2    | Found a staircase to the Elven Halls.
 19582 | Orc:2    | Found Qiutogar's Magic Scroll Shop.
 19584 | Orc:2    | Found Layqetar's Magic Scroll Boutique.
 19653 | Orc:1    | Found Nitzampa's Magic Scroll Shop.
 19792 | Orc:2    | Found Fiv Orad's Antique Weapon Emporium.
 19792 | Orc:2    | Found Isaj's Assorted Antiques.
 19793 | Orc:2    | Found Cix Vosk's Armour Shoppe.
 19797 | Orc:2    | Found Kyagg's Weapon Shoppe.
 19811 | Orc:2    | Bought a +2 pair of gloves of archery for 258 gold pieces
 19823 | Orc:2    | Bought a square platinum amulet for 145 gold pieces
 19823 | Orc:2    | Bought a scroll labelled OGEIFAQOPH for 29 gold pieces
 19999 | D:8      | Bought a scroll of acquirement for 572 gold pieces
 19999 | D:8      | Acquired the ring "Apia" {rF- rC++ AC+4}
 20296 | D:11     | Noticed Urug
 20308 | D:10     | Killed Urug
 20355 | D:11     | Noticed Josephine
 20382 | D:11     | Killed Josephine
 20409 | D:11     | Noticed Psyche
 20416 | D:11     | Killed Psyche
 20579 | D:11     | Found Ugeak's Antique Weapon Shoppe.
 20663 | D:11     | Noticed Maurice
 20666 | D:11     | Killed Maurice
 21310 | D:12     | Found a basalt altar of Yredelemnul.
 21391 | D:12     | You are sucked into a shaft and drop 1 floor!
 21566 | D:13     | Noticed Jorgrun
 22018 | D:12     | Killed Jorgrun
 22019 | D:12     | Reached XP level 16. HP: 95/118 MP: 0/0
 22397 | D:13     | Found a gate to the Vaults.
 22485 | D:13     | Noticed Rupert
 22503 | D:13     | Killed Rupert
 22742 | Snake:1  | Entered Level 1 of the Snake Pit
 22804 | Snake:1  | Reached skill level 16 in Spellcasting
 23660 | Snake:2  | Noticed Asterion
 23668 | Snake:2  | Killed Asterion
 23859 | Snake:2  | Noticed Frances
 23870 | Snake:2  | Killed Frances
 24053 | Snake:2  | Reached XP level 17. HP: 59/125 MP: 0/0
 24053 | Snake:2  | Learned a level 6 spell: Invisibility
 24639 | Snake:3  | Found Utzafal's Assorted Antiques.
 24955 | Snake:3  | Found Kuerain's Antique Armour Boutique.
 24969 | Snake:3  | Bought an ancient helmet for 275 gold pieces
 24969 | Snake:3  | Identified the +0 helmet of Anarchy {Str+2} (You bought it
                  | in a shop on level 3 of the Snake Pit)
 24969 | Snake:3  | Bought an embroidered cloak for 217 gold pieces
 25226 | Snake:4  | Entered Level 4 of the Snake Pit
 25297 | Snake:4  | Noticed Aizul
 25311 | Snake:4  | Noticed Donald
 25315 | Snake:4  | Killed Aizul
 25322 | Snake:4  | Killed Donald
 25828 | Snake:4  | Reached skill level 17 in Spellcasting
 26099 | Snake:4  | Reached skill level 5 in Shields
 26545 | Snake:4  | Got a serpentine rune of Zot
 26717 | Shoals:1 | Entered Level 1 of the Shoals
 27331 | Shoals:1 | Reached XP level 18. HP: 133/134 MP: 0/0
 27601 | Shoals:2 | Noticed Ilsuiw
 27733 | Shoals:2 | Reached skill level 15 in Dodging
 28849 | D:14     | Found Satwodd's Hallowed Reliquary.
 29082 | D:14     | Identified the +1 robe of Integrity {rC+ Int-2 Dex+4}
 29546 | Vaults:1 | Entered Level 1 of the Vaults
 29663 | Vaults:1 | Killed from afar by a peacekeeper

Illustrated notes

Levels and vault maps discovered:
D:1:      wander_arrival_peaceful_grave, layout_loops_ring
D:2:      layout_basic, basic_ecumenical_altar
D:3:      layout_loops_ring, grunt_ashenzari_visionary
          [grunt_ashenzari_visionary_shoals, grunt_ashenzari_visionary_snake],
          chequers_serial_rivers_room_b
D:4:      layout_basic, serial_shops, shop
D:5:      layout_basic, uniq_blork_the_orc
D:6:      cheibrodos_steamvent, layout_rooms, minmay_temple_entry_arrows,
          ebering_ghost_xom, grunt_decor_fettered, minmay_pentangle, uniq_pikel
D:7:      layout_loops_ring, uniq_crazy_yiuf_cottage, uniq_menkaure
D:8:      layout_loops_ring, lightli_ossuary_entry_decrepit_ruins, serial_shops,
          shop
D:9:      layout_irregular_city, due_lair_maze_entry_diamond, orc_david_3
D:10:     layout_roguey, grunt_ministairs_7, uniq_fannar, uniq_sonja,
          uniq_joseph
D:11:     layout_roguey, serial_shops,
          nicolae_shop_temple_entry_statues_fountains, uniq_maurice,
          uniq_psyche, uniq_josephine, uniq_urug
D:12:     layout_loops_ring, yredelemnul_forgotten_temple_becter
D:13:     layout_cross, ximxim_vaults_locker_room, grunt_ogre_cave,
          uniq_jorgrun, uniq_rupert
D:14:     layout_loops_ring, nrook_campfire, nicolae_good_shop
Temple:   minmay_crystal_snake_temple
Lair:1:   layout_regular_city, grunt_megastairs_1, uniq_maggie
Lair:2:   layout_concentric_octagons, dummy_snake_entry, grunt_megastairs_2,
          serial_bayou_shore_a
Lair:3:   layout_loops_ring, minmay_shoals_entry_lonely_mermaid,
          chequers_serial_rivers_marsh, pf_torpor_hydra
Lair:4:   layout_regular_city, minmay_hedge_maze
Lair:5:   layout_regular_city, slime_altar_2, gammafunk_ghost_cemetery,
          st_stairs_7
Lair:6:   gammafunk_lair_ancient_temple, layout_regular_city, serial_bayou,
          serial_bayou_ford_a, serial_bayou_pond_a, serial_bayou_pond_e,
          serial_bayou_lake_a, serial_bayou_pond_d
Shoals:1: layout_shoals
Shoals:2: layout_shoals, nicolae_shoals_water_booths, uniq_ilsuiw
Snake:1:  layout_misc_corridors
Snake:2:  layout_basic, uniq_frances, uniq_asterion
Snake:3:  layout_misc_corridors, serial_shops, nicolae_diamond_shop,
          nicolae_shop_stone
Snake:4:  minmay_snake_end_coiled, layout_onion, uniq_donald, uniq_aizul
Orc:1:    layout_diamond_mine, serial_shops, nicolae_shop_trees,
          nicolae_shop_stone, nicolae_shop_temple_entry_statues_fountains,
          nicolae_square_shop, nicolae_shop_crystal, nicolae_orc_rockfall,
          uniq_erica, uniq_snorg
Orc:2:    st_orc_mages, layout_diamond_mine, basic_altar, serial_shops,
          nicolae_shop_waterfront, shop, shop_fountains,
          nicolae_shop_behind_doors, kennysheep_orc_sif_temple, uniq_nessos
Vaults:1: nicolae_vaults_rhombus_6, ontoclasm_vaults_decontamination,
          v_alt_pattern_4, nicolae_vaults_network_star, ontoclasm_vaults_chip,
          vaults_standard_mumra_lines, nicolae_vaults_yaktaur_gun_rack,
          vaults_room_guarded_vault, nicolae_vaults_ninety_degrees, v_misc_27,
          layout_vaults_maze

Skill      XL: |  1  2  3  4  5  6  7  8  9 10 11 12 13 14 15 16 17 18 |
---------------+-------------------------------------------------------+-----
Spellcasting   | 3 4 5 6 8 10 11 12 13 14 15 16 17 | 17.5
Fighting       | 4 6 8 9 10 11 12 13 14 | 14.0
Dodging        | 5 7 9 10 11 13 14 15 | 15.2
Shields        | 1 4 6 8 |  8.0
Stealth        | |  1.5

Action                   |  1- 3 |  4- 6 |  7- 9 | 10-12 | 13-15 | 16-18 || total
-------------------------+-------+-------+-------+-------+-------+-------++-------
Melee: Unarmed           |       |     6 |       |       |       |       ||     6
       Mace              |       |       |       |    12 |    35 |    59 ||   106
 Cast: Sandblast         |    34 |       |       |       |       |       ||    34
       Stone Arrow       |     9 |    39 |    94 |   273 |   566 |   692 ||  1673
       Borgnjor's Vile C |       |       |       |    14 |    73 |    59 ||   146
       Summon Ice Beast  |       |       |       |       |     4 |    25 ||    29
       Death Channel     |       |       |       |       |     1 |    11 ||    12
       Tukima's Dance    |       |       |       |       |       |     5 ||     5
       Summon Small Mamm |       |       |       |       |       |     3 ||     3
       Invisibility      |       |       |       |       |       |     1 ||     1
       Petrify           |       |       |       |       |       |     1 ||     1
  Use: Scroll            |       |       |     9 |     3 |    21 |     8 ||    41
       Potion            |       |       |       |       |       |     2 ||     2
 Stab: Distracted        |       |       |       |       |       |     1 ||     1
Armor: Robe              |       |       |     2 |       |       |   117 ||   119
       Steam dragon scal |       |       |     1 |    16 |    83 |       ||   100
Dodge: Dodged            |       |     6 |    11 |    64 |   218 |   396 ||   695
Block: Kite shield       |       |       |       |     4 |   128 |   215 ||   347
       Reflection        |       |       |       |       |       |    30 ||    30

Table legend: (Time is in decaauts)
 A = Elapsed time spent in this place.
 B = Non-inter-level travel time spent in this place.
 C = Inter-level travel time spent in this place.
 D = Time resting spent in this place.
 E = Time spent auto-exploring this place.
 F = Levels seen in this place.
 G = Mean time per level.
                   A        B        C        D        E       F      G
               +--------+--------+--------+--------+--------+-----+--------+
         Total |  29780 |  28051 |   1729 |   1801 |  19788 |  30 |  992.7 |
       Dungeon |  16075 |  15192 |    883 |   1373 |  11298 |  14 | 1148.2 |
        Temple |    514 |    460 |     54 |      0 |    196 |   1 |  514.0 |
          Lair |   5779 |   5346 |    433 |    131 |   4056 |   6 |  963.2 |
        Shoals |   1849 |   1784 |     65 |    116 |   1122 |   2 |  924.5 |
     Snake Pit |   3956 |   3730 |    226 |    169 |   2302 |   4 |  989.0 |
  Orcish Mines |   1486 |   1418 |     68 |     12 |    769 |   2 |  743.0 |
        Vaults |    117 |    117 |      0 |      0 |     45 |   1 |  117.0 |
               +--------+--------+--------+--------+--------+-----+--------+

Top non-repeatable levels by time:
     D:6: 1826 daAuts
     D:5: 1627 daAuts
     D:8: 1470 daAuts
     D:7: 1403 daAuts
     D:2: 1367 daAuts
 Snake:4: 1355 daAuts
     D:9: 1297 daAuts
  Lair:6: 1292 daAuts
     D:4: 1218 daAuts
     D:3: 1077 daAuts
    D:12: 1073 daAuts
  Lair:4: 979 daAuts
   Orc:2: 957 daAuts
 Snake:1: 945 daAuts
  Lair:2: 939 daAuts
